 Dungeon Crawl Stone Soup version 0.22-a0-3-g4fa69d9a97 (webtiles) character file.

436 Manul the Ducker (level 6, -3/33 HPs)
             Began as a Spriggan Abyssal Knight on Jan 1, 2018.
             Was a Believer of Lugonu.
             Slain by Pikel
             ... wielding a +2 whip of electrocution
              (10 damage)
             ... on level 4 of the Dungeon.
             The game lasted 00:07:05 (4526 turns).

Manul the Ducker (Spriggan Abyssal Knight)          Turns: 4526, Time: 00:07:06

Health: -3/33      AC:  3    Str: 11    XL:     6   Next: 69%
Magic:  7/7        EV: 22    Int: 13    God:    Lugonu [**....]
Gold:   137        SH:  0    Dex: 18    Spells: 5/5 levels left

rFire    . . .     SeeInvis +   p - +0 hand axe (venom)
rCold    . . .     Gourm    .   (shield restricted)
rNeg     . . .     Faith    .   b - +0 robe
rPois    .         Spirit   .   (helmet restricted)
rElec    .         Reflect  .   d - +0 cloak
rCorr    .         Harm     .   (gloves unavailable)
MR       +....     Clarity  +   (boots unavailable) Stlth +++.......Rnd*Tele +
                                (no amulet)
HPRegen  0.11/turn              e - +3 ring of strength
MPRegen  0.10/turn              (no ring)

@: very quick
A: very small, unfitting armour, see invisible, clarity, herbivore, speed 3, low
mp 1, slow metabolism 2, teleportitis 1
a: Depart the Abyss, Bend Space, Renounce Religion


You were on level 4 of the Dungeon.
You worshipped Lugonu.
Lugonu was pleased with you.
You were not hungry.

You visited 1 branch of the dungeon, and saw 4 of its levels.
You visited the Abyss 1 time.

You collected 137 gold pieces.

Inventory:

Hand Weapons
 a - a +1 short sword
 f - a -1 whip
 p - a +0 hand axe of venom (weapon)
Armour
 b - a +0 robe (worn)
 d - a +0 cloak (worn)
 g - a scarf of repulsion
 h - a +0 buckler
Jewellery
 e - a +3 ring of strength (left hand)
Wands
 i - a wand of digging (9)
 j - a wand of paralysis (11)
Scrolls
 l - 2 scrolls of magic mapping
 m - 2 scrolls of teleportation
 n - 4 scrolls of identify
Potions
 k - 2 potions of curing
 o - a potion of might {unknown}
 q - a potion of brilliance {unknown}
 r - a potion of lignification
 s - a potion of flight {unknown}
Comestibles
 c - 6 rations


   Skills:
 + Level 3.8 Fighting
 + Level 3.1 Short Blades
 + Level 6.7 Dodging
 + Level 5.5 Stealth
 + Level 1.9 Invocations
 + Level 0.3 Evocations


You had 5 spell levels left.
You didn't know any spells.

Dungeon Overview and Level Annotations

Branches:
Dungeon (4/15)
 Temple: D:4-7

Altars:

Annotations:
D:4 Pikel


Innate Abilities, Weirdness & Mutations

You are very small and have problems with some larger weapons.
You are too small for most types of armour.
You have supernaturally acute eyesight. (SInv)
You are a herbivore.
You cover ground extremely quickly.
You need consume almost no food.
You possess an exceptional clarity of mind.
Your magical capacity is low. (-10% MP)
You are occasionally teleported next to monsters.


Message History

The worm is severely wounded.
You closely miss Pikel. The worm closely misses you. Pikel closely misses you.
You slash the worm!
You kill the worm!
Lugonu accepts your kill.
You closely miss Pikel. Pikel misses you.
You see here a worm corpse.
You are too injured to fight recklessly!
You are too injured to fight recklessly!
You miss Pikel.
Pikel is almost dead.
Pikel completely misses you.
You hit Pikel but do no damage.
Pikel is poisoned.
Pikel is almost dead.
Pikel hits you with a whip of electrocution. x2
* * * LOW HITPOINT WARNING * * *
You barely miss Pikel.
Pikel is almost dead.
Pikel hits you with a whip of electrocution!
You die...

#.# #.#
#.# #.#
#.# #.#
#.# #.#
#.# #p#
#.#
#.#####
#.pK@.#
#####.#
#.# #.#
#.. ###


You could see Pikel and a slave.

Vanquished Creatures
  Sigmund (D:2)
  A slave (D:3)
  An orc wizard (D:3)
  Terence (D:2)
  Natasha (thrice) (D:4)
  Robin (D:2)
  6 adders
  An ooze (D:3)
  2 worms
  2 dart slugs (D:1)
  2 orcs (D:3)
  3 giant cockroaches
  13 goblins
  6 hobgoblins
  5 jackals
  4 kobolds
  7 bats
  2 frilled lizards
  14 rats
75 creatures vanquished.

Vanquished Creatures (others)
  A rat (D:1)
1 creature vanquished.

Grand Total: 76 creatures vanquished

Notes
Turn   | Place    | Note
-------+----------+-------------------------------------------
     0 | Abyss:1  | Manul the Spriggan Abyssal Knight began the quest for the Orb.
     0 | Abyss:1  | Reached XP level 1. HP: 11/11 MP: 3/3
    91 | Abyss:1  | Noticed a neqoxec
   122 | Abyss:1  | Noticed a raiju
   151 | Abyss:1  | Noticed an ettin simulacrum
   157 | Abyss:1  | Noticed a quasit
   172 | Abyss:2  | Found a corrupted altar of Lugonu.
   221 | Abyss:3  | Noticed a small abomination
   294 | D:1      | Escaped the Abyss
   477 | D:1      | Reached XP level 2. HP: 13/16 MP: 4/4
   491 | D:1      | Reached * piety under Lugonu
   732 | D:1      | Reached skill level 4 in Dodging
   828 | D:1      | Reached XP level 3. HP: 18/20 MP: 5/5
  1005 | D:2      | Noticed Robin
  1297 | D:2      | Noticed Terence
  1315 | D:2      | Killed Terence
  1315 | D:2      | Reached skill level 1 in Stealth
  1322 | D:2      | Gained mutation: You tend to lose your temper in combat. [potion of mutation]
  1322 | D:2      | Gained mutation: You are covered in fur. (AC +1) [potion of mutation]
  1772 | D:2      | Reached XP level 4. HP: 21/24 MP: 6/6
  1800 | D:2      | Noticed Sigmund
  2404 | D:3      | Reached skill level 5 in Dodging
  2472 | D:2      | Reached ** piety under Lugonu
  2622 | D:2      | Reached XP level 5. HP: 21/28 MP: 7/7
  2687 | D:2      | Killed Robin
  3059 | D:2      | Killed Sigmund
  3059 | D:2      | Reached skill level 6 in Dodging
  3059 | D:2      | Reached XP level 6. HP: 33/33 MP: 8/8
  3494 | D:3      | Reached skill level 5 in Stealth
  3824 | D:4      | Noticed Natasha
  3831 | D:4      | Killed Natasha
  3835 | D:4      | Noticed Natasha
  3844 | D:4      | Noticed a slave
  3851 | D:4      | Killed Natasha
  3860 | D:4      | Lost mutation: You tend to lose your temper in combat. [potion of mutation]
  3860 | D:4      | Lost mutation: You are covered in fur. (AC +1) [potion of mutation]
  3860 | D:4      | Gained mutation: You are occasionally teleported next to monsters. [potion of mutation]
  3860 | D:4      | Gained mutation: Your magical capacity is low. (-10% MP) [potion of mutation]
  3860 | D:4      | Gained mutation: You possess an exceptional clarity of mind. [potion of mutation]
  3866 | D:4      | Noticed Pikel
  3881 | D:3      | Killed a slave
  4373 | D:4      | Noticed a slave
  4375 | D:4      | Noticed a slave
  4376 | D:4      | Noticed a slave
  4476 | D:4      | Noticed Natasha
  4494 | D:4      | Killed Natasha
  4526 | D:4      | Slain by Pikel

Vault maps used:
D:1:      dpeg_arrival_subterranean_lakeside_camping, hex_large, fountainhead,
          minmay_pentomino_v2
D:2:      uniq_terence, uniq_sigmund, uniq_robin
D:4:      lemuel_crystal_altar, uniq_natasha, uniq_pikel, uniq_blork_the_orc
Abyss:3:  hangedman_abyss_rune_macabre_mess

Skill      XL: |  1  2  3  4  5  6 |
---------------+-------------------+-----
Dodging        | 4 5 6 |  6.7
Fighting       | 3 |  3.8
Stealth        | 1 2 4 5 |  5.5
Short Blades   | 3 |  3.1
Invocations    | |  1.9
Evocations     | |  0.3

Action                   |  1- 3 |  4- 6 || total
-------------------------+-------+-------++-------
Melee: Whip              |   163 |    85 ||   248
       Short sword       |     2 |    60 ||    62
       Hand axe          |       |    54 ||    54
Invok: Depart the Abyss  |     1 |       ||     1
Evoke: Wand              |       |     1 ||     1
  Use: Scroll            |     3 |     2 ||     5
       Potion            |     4 |     1 ||     5
 Stab: Sleeping          |     4 |     7 ||    11
       Paralysed         |       |     3 ||     3
  Eat: Ration            |       |     1 ||     1
Armor: Robe              |    23 |    21 ||    44
Dodge: Dodged            |   164 |   188 ||   352

Table legend:
 A = Spawn XP
 B = Non-spawn XP
 C = Spawn XP percentage of total XP
 D = Spawn monster count
 E = Non-spawn monster count
 F = Spawn count percentage of total count
 G = Total turns spent on level
                    A         B        C        D         E        F      G
               +---------+---------+-------+---------+---------+-------+---------
         Total |       0 |     624 |   0.0 |       0 |      74 |   0.0 |  4526
               +---------+---------+-------+---------+---------+-------+---------
           D:1 |       0 |      44 |   0.0 |       0 |      28 |   0.0 |  1301
           D:2 |       0 |     336 |   0.0 |       0 |      22 |   0.0 |  1104
           D:3 |       0 |     128 |   0.0 |       0 |      17 |   0.0 |  1640
           D:4 |       0 |     116 |   0.0 |       0 |       7 |   0.0 |   187
               +---------+---------+-------+---------+---------+-------+---------
